 Dungeon Crawl Stone Soup version 0.31-a0-210-gccc998df9b (webtiles) character file.

Game seed: 9036578908469169430

264 qw the Skirmisher (level 5, 0/30 HPs)
             Began as a Deep Elf Hunter on June 27, 2023.
             Killed from afar by an orc wizard (2 damage)
             ... with a magic dart
             ... on level 5 of the Dungeon on June 29, 2023.
             The game lasted 00:01:29 (2635 turns).

qw the Skirmisher (Deep Elf Hunter)                 Turns: 2635, Time: 00:01:30

Health: 0/30       AC:  6    Str: 10    XL:     5   Next: 98%
Magic:  7/7        EV: 11    Int: 14    God:
Gold:   46         SH:  0    Dex: 18    Spells: 4/4 levels left

rFire   . . .        Y - +0 arbalest
rCold   . . .        (shield currently unavailable)
rNeg    . . .        h - +0 ring mail
rPois   .            (no helmet)
rElec   .            (no cloak)
rCorr   .            c - +0 pair of gloves
SInv    .            (no boots)
Will    .....        (no amulet)
Stlth   +            (no ring)
HPRegen 0.25/turn    (no ring)
MPRegen 0.10/turn

%: no passive effects
@: no status effects
A: no striking features
a: no special abilities


You were on level 5 of the Dungeon.
You visited 1 branch of the dungeon, and saw 5 of its levels.

You collected 229 gold pieces.
You spent 183 gold pieces at shops.


   Skills:
 - Level 2.0 Fighting
 + Level 9.3 Ranged Weapons
 - Level 2.4 Dodging
 - Level 1.2 Stealth


You had 4 spell levels left.
You didn't know any spells.
Your spell library was empty.

Inventory:

Hand Weapons
 Y - a +0 arbalest (weapon)
Armour
 c - a +0 pair of gloves (worn)
 h - a +0 ring mail (worn)
Scrolls
 b - a scroll of identify
Potions
 a - a potion of enlightenment
 f - a potion of brilliance {unknown}
 g - a potion of heal wounds
 j - a potion of degeneration {unknown}

Dungeon Overview and Level Annotations

Branches:
Dungeon (5/15)
 Temple: D:4-7

Altars:
Nemelex Xobeh
Yredelemnul

Shops:
D:2 ?   D:4 (


Message History

Reactivating autopickup.
The hound barely misses you. The orc hits you with a +0 club.
The orc wizard hits you but does no damage.
The hound bites you but does no damage. The orc hits you but does no damage.
The orc wizard casts a spell at you.
You are confused.
The hound misses you. The hound bites you but does no damage.
The orc hits you with a +0 club. The orc wizard barely misses you.
The hound bites you but does no damage. The orc barely misses you.
The orc wizard gestures wildly while chanting.
The orc wizard flickers and vanishes!
Deactivating autopickup; reactivate with Ctrl-A.
The hound bites you. The hound bites you but does no damage.
The orc hits you with a +0 club. Something hits you but does no damage.
The hound bites you. The orc closely misses you. Something hits you.
The hound barely misses you. The hound closely misses you.
The orc hits you but does no damage. Something hits you but does no damage.
You feel less confused. The hound bites you.
The orc hits you but does no damage. Something hits you.
You shoot a bolt. The bolt hits the hound!!
You kill the hound!
The orc completely misses you. Something hits you but does no damage.
Your Fighting skill increases to level 2!
You shoot a bolt. The bolt hits the orc.
The orc is heavily wounded.
The orc barely misses you. Something hits you but does no damage.
The orc barely misses you. Something hits you but does no damage.
You shoot a bolt. The bolt hits the orc!
You kill the orc!
Something hits you.
You shoot a bolt.
You hear some strange, mumbled words.
A puff of flame appears from out of thin air!
The puff of flame hits you. Something hits you.
You shoot a bolt. The bolt hits the plant!
The plant begins to die.
The plant is lightly damaged.
You hear some strange, mumbled words.
A magic dart appears from out of thin air!
The magic dart hits you.
You die...

#....#
#.<..#
#....#
#....#
#....#
#....# ###
#....##...##
#<..@.......
#...{))...##
#....##)..#
#....# ).#
#...... )..
#...PP.P ..
#........ .
#......Po
#..P.....P


There were no monsters in sight!

Vanquished Creatures
  A scorpion (D:5)
  2 hounds
  5 adders
  2 worms
  3 dart slugs
  7 orcs
  5 ball pythons
  7 endoplasms
  3 giant cockroaches
  12 hobgoblins
  10 kobolds
  5 quokkas
  6 bats
  3 frilled lizards
  7 goblins
  5 rats
83 creatures vanquished.

Notes
Turn   | Place    | Note
-------+----------+-------------------------------------------
     0 | D:1      | qw the Deep Elf Hunter began the quest for the Orb.
     0 | D:1      | Reached XP level 1. HP: 12/12 MP: 3/3
     0 | D:1      | 0 ||| qw: Version: 0.3-a-22-g0ed2b0b
     0 | D:1      | 0 ||| qw: Game counter: 6644
     0 | D:1      | 0 ||| qw: Melee chars always use a shield: true
     0 | D:1      | 0 ||| qw: God list: Okawaru
     0 | D:1      | 0 ||| qw: Allow faded altars: false
     0 | D:1      | 0 ||| qw: Do Orc after clearing Dungeon:15 true
     0 | D:1      | 0 ||| qw: Do second Lair branch before Depths: true
     0 | D:1      | 0 ||| qw: Lair rune preference: random
     0 | D:1      | 0 ||| qw: Goals: Normal
     0 | D:1      | 0 ||| PLANNING D:1-11
   224 | D:1      | HP: 3/12 [frozen (5)]
   228 | D:1      | Reached XP level 2. HP: 5/16 MP: 4/4
   307 | D:1      | Reached skill level 6 in Ranged Weapons
   680 | D:1      | 680 ||| READING scroll labelled FUHUGH QAHY.
   681 | D:1      | 681 ||| READING scroll labelled ZEMEW PIMOSKEV.
   682 | D:1      | 682 ||| DRINKING 2 sedimented pink potions.
   683 | D:1      | 683 ||| DRINKING 2 golden potions.
   684 | D:1      | 684 ||| DROPPING scroll of butterflies.
   751 | D:2      | Reached XP level 3. HP: 20/20 MP: 5/5
   779 | D:2      | Reached skill level 7 in Ranged Weapons
   930 | D:2      | Found Riamn's Magic Scroll Emporium.
   940 | D:2      | 940 ||| BUYING scroll of enchant weapon (75 gold).
   940 | D:2      | Bought a scroll of enchant weapon for 75 gold pieces
   940 | D:2      | 940 ||| SHOPLISTING scroll of identify (20 gold, have 2).
   940 | D:2      | 940 ||| READING scroll of enchant weapon.
   940 | D:2      | 940 ||| ENCHANTING +0 shortbow of freezing.
  1223 | D:2      | Reached XP level 4. HP: 25/25 MP: 6/6
  1240 | D:2      | Found a basalt altar of Yredelemnul.
  1364 | D:2      | 1364 ||| UPGRADING to +0 ring mail.
  1374 | D:2      | 1374 ||| DROPPING +0 leather armour.
  1375 | D:2      | 1375 ||| READING 2 scrolls labelled BUAMOH YJADGHUL.
  1376 | D:2      | 1376 ||| DRINKING 2 bubbling orange potions.
  1377 | D:2      | 1377 ||| DROPPING potion of invisibility.
  1511 | D:3      | 1511 ||| READING scroll of enchant weapon.
  1511 | D:3      | 1511 ||| ENCHANTING +1 shortbow of freezing.
  1618 | D:3      | Found a sparkling altar of Nemelex Xobeh.
  1658 | D:3      | 1658 ||| READING scroll of enchant weapon.
  1658 | D:3      | 1658 ||| ENCHANTING +2 shortbow of freezing.
  2091 | D:3      | 2091 ||| UPGRADING to +0 pair of gloves.
  2096 | D:3      | 2096 ||| READING scroll labelled EVEKLU NOM OFU.
  2097 | D:3      | 2097 ||| READING 3 scrolls of identify.
  2097 | D:3      | 2097 ||| IDENTIFYING coppery potion
  2098 | D:3      | 2098 ||| READING 2 scrolls of identify.
  2098 | D:3      | 2098 ||| IDENTIFYING lumpy amethyst potion
  2099 | D:3      | 2099 ||| DROPPING potion of magic.
  2167 | D:4      | Reached skill level 8 in Ranged Weapons
  2232 | D:4      | Found Ryir's Antique Weapon Shoppe.
  2273 | D:4      | 2273 ||| BUYING arbalest (108 gold).
  2273 | D:4      | Bought an arbalest for 108 gold pieces
  2273 | D:4      | 2273 ||| SWAPPING to +0 arbalest.
  2274 | D:4      | 2274 ||| DROPPING +3 shortbow of freezing.
  2326 | D:4      | Reached XP level 5. HP: 25/29 MP: 7/7
  2586 | D:4      | 2586 ||| READING scroll labelled RIZXOM BOMIE.
  2595 | D:5      | Entered Level 5 of the Dungeon
  2599 | D:5      | Noticed an orc warrior
  2600 | D:5      | 2600 ||| Stepping ~*~*~tactically~*~*~ (outnumbered).
  2603 | D:5      | Upgraded the game from 0.31-a0-204-g7da18cac08 to
                  | 0.31-a0-210-gccc998df9b
  2603 | D:5      | 2603 ||| PLANNING D:1-11
  2612 | D:5      | Reached skill level 9 in Ranged Weapons
  2614 | D:5      | 2614 ||| DRINKING potion of curing.
  2614 | D:5      | 2614 ||| (to cure confusion)
  2619 | D:5      | HP: 6/29 [hound (4)]
  2620 | D:5      | 2620 ||| DRINKING 2 potions of heal wounds.
  2634 | D:5      | HP: 5/30 [something/puff of flame (4)]
  2634 | D:5      | HP: 2/30 [something (3)]
  2635 | D:5      | Killed from afar by an orc wizard

Levels and vault maps discovered:
D:1:      dpeg_arrival_round_c, layout_loops_ring
D:2:      layout_basic, serial_shops, nicolae_shop_crystal, basic_altar
D:3:      layout_loops_ring, mainiacjoe_overflow_chevrons
D:4:      layout_rooms, kennysheep_windowed_goal
D:5:      layout_gridville, mainiacjoe_overflow_cross_hatched,
          minmay_temple_entry_steel_oval, ebering_dispersal_statue_hall

Skill      XL: |  1  2  3  4  5 |
---------------+----------------+-----
Ranged Weapons | 6 7 8 9 |  9.3
Fighting       | 2 |  2.0
Dodging        | |  2.4
Stealth        | |  1.2

Action                     |  1- 3 |  4- 6 || total
---------------------------+-------+-------++-------
   Fire: Shortbow          |   117 |    47 ||   164
         Arbalest          |       |    40 ||    40
    Use: Scroll            |     3 |     7 ||    10
         Potion            |     2 |     3 ||     5
 Armour: Leather armour    |     9 |       ||     9
         Ring mail         |       |    47 ||    47
  Dodge: Dodged            |    22 |    44 ||    66

Table legend:
 A = Non-vault XP
 B = Vault XP
 C = Vault XP percentage of total XP
 D = Non-vault monster count
 E = Vault monster count
 F = Vault count percentage of total count
                 A         B        C        D         E       F
            +---------+---------+-------+---------+---------+-------
      Total |     372 |       6 |   1.6 |      80 |       3 |   3.6
            +---------+---------+-------+---------+---------+-------
        D:1 |      36 |       0 |   0.0 |      21 |       0 |   0.0
        D:2 |      95 |       0 |   0.0 |      27 |       0 |   0.0
        D:3 |      16 |       0 |   0.0 |       8 |       0 |   0.0
        D:4 |      86 |       6 |   6.5 |      16 |       3 |  15.8
        D:5 |     139 |       0 |   0.0 |       8 |       0 |   0.0
            +---------+---------+-------+---------+---------+-------
